 Dungeon Crawl Stone Soup version 0.29-a0-393-g47a863cc1b (webtiles) character file.

Game seed: 1208724683247636414

125 holysushi the Cudgeller (level 4, -5/44 HPs)
             Began as a Troll Chaos Knight on May 9, 2022.
             Was a Plaything of Xom.
             Killed by divine providence
             ... invoked by an orc priest
              (13 damage)
             ... on level 3 of the Dungeon.
             The game lasted 00:02:53 (1720 turns).

holysushi the Cudgeller (Troll Chaos Knight)        Turns: 1720, Time: 00:02:54

Health: -5/44      AC:  7    Str: 20    XL:     4   Next: 82%
Magic:  3/3        EV: 10    Int:  8    God:    Xom [...*..]
Gold:   163        SH:  0    Dex: 11    Spells: 3/3 levels left

rFire   . . .      SeeInvis .   a - +0 mace (chaos)
rCold   . . .      Faith    .   (no shield)
rNeg    . . .      Spirit   .   b - +2 robe
rPois   .          Reflect  .   (helmet restricted)
rElec   .          Harm     .   m - +0 cloak
rCorr   .          Rampage  .   (gloves unavailable)
Will    .....                   (boots unavailable)
Stlth   +.........              (no amulet)
HPRegen 0.94/turn               (no ring)
MPRegen 0.08/turn               (no ring)

@: no status effects
A: large, unfitting armour, claws 3, regeneration 1, shaggy fur 1, tough skin 1
a: Renounce Religion


You were on level 3 of the Dungeon.
You worshipped Xom.
You were a favourite toy of Xom.
You visited 1 branch of the dungeon, and saw 3 of its levels.

You collected 163 gold pieces.

Inventory:

Hand Weapons
 a - a +0 mace of chaos (weapon)
Armour
 b - a +2 robe (worn)
 m - a +0 cloak (worn)
Jewellery
 j - a ring of resist corrosion
Scrolls
 d - a scroll of magic mapping
 i - 2 scrolls of identify
Potions
 e - a potion of haste
 f - a potion of attraction
 g - 3 potions of might {unknown}
 h - 2 potions of mutation {unknown}
 k - a potion of degeneration {unknown}
 l - a potion of flight {unknown}
 n - a potion of experience {unknown}
 q - 2 potions of magic {unknown}
Miscellaneous
 c - a piece from Xom's chessboard (15/15) (quivered)


   Skills:
 - Level 2.4 Fighting
 * Level 5.1 Maces & Flails
 - Level 1.9 Dodging


You had 3 spell levels left.
You didn't know any spells.
Your spell library was empty.

Dungeon Overview and Level Annotations

Branches:
Dungeon (3/15)

Altars:

Shops:
D:1 (


Innate Abilities, Weirdness & Mutations

You are too large for most types of armour.
You have claws for hands.
Your natural rate of healing is unusually fast.
You are covered in fur. (AC +1)
You have tough skin. (AC +1)


Message History

An orc is nearby!
An orc is nearby!
An orc is nearby!
An orc comes into view. It is wielding a +0 dagger.
The orc moves out of view.
An orc priest comes into view. It is wielding a +0 whip.
The orc priest shouts!
An orc priest comes into view. It is wielding a +3 dagger.
The orc priest shouts!
The orc closely misses you.
You barely miss the orc.
The orc priest looks braver for a moment.
The orc hits you with a +0 morningstar.
You hit the orc priest but do no damage.
The orc priest completely misses you. The orc hits you with a +0 morningstar!
The orc priest mumbles some strange prayers to Beogh against you.
Beogh smites you!
As you read the scroll labelled FYOROET JAACO, it crumbles to dust.
You feel aware of your surroundings.
It was a scroll of magic mapping.
The orc priest barely misses you. The orc barely misses you.
The orc hits you with a +0 morningstar.
The orc priest attacks as you move away!
The orc priest barely misses you. The orc attacks as you move away!
The orc hits you with a +0 morningstar.
* * * LOW HITPOINT WARNING * * *
The orc priest attacks as you move away!
The orc priest hits you with a +0 whip.
* * * LOW HITPOINT WARNING * * *
The orc priest mumbles some strange prayers to Beogh against you.
Beogh smites you!
* * * LOW HITPOINT WARNING * * *
There is an open door here.
There's a creature in the doorway!
The orc attacks as you move away! The orc closely misses you.
The orc attacks as you move away! The orc hits you with a +0 morningstar.
* * * LOW HITPOINT WARNING * * *
The orc priest invokes the aid of Beogh against you.
Beogh smites you!
You die...
Xom is highly amused!

.........# *,*
...#####.# #.#
..<# #.# #.# ...#
#.# #.# ...# #)#
#.# ...#####.# #.#
.........#######.#
..............##.#
..............##@#
##+#..........##.#
..............##o#
..............##.#
......##......##.#
..>....+......##o#
##+#####......##.#
*,* ##...#####o#
**,* #...oo...o.#


You could see an orc priest and 2 orcs.

Vanquished Creatures
  Jessica (D:3)
  4 adders (D:2)
  3 worms
  2 dart slugs
  2 orcs (D:3)
  4 ball pythons
  2 endoplasms (D:2)
  2 giant cockroaches
  3 goblins (D:2)
  9 jackals (D:2)
  A quokka (D:2)
  5 bats
  6 kobolds
  5 rats
49 creatures vanquished.

Notes
Turn   | Place    | Note
-------+----------+-------------------------------------------
     0 | D:1      | holysushi the Troll Chaos Knight began the quest for the
                  | Orb.
     0 | D:1      | Reached XP level 1. HP: 22/22 MP: 0/0
    36 | D:1      | XOM: silly message
   239 | D:1      | Found Hilismof's Antique Weapon Emporium.
   312 | D:1      | Reached skill level 3 in Maces & Flails
   405 | D:1      | Reached XP level 2. HP: 29/29 MP: 1/1
   825 | D:2      | Reached XP level 3. HP: 28/36 MP: 2/2
   829 | D:2      | Reached skill level 4 in Maces & Flails
  1134 | D:2      | XOM: god gift: 10 gold pieces
  1274 | D:2      | Reached XP level 4. HP: 44/44 MP: 3/3
  1570 | D:3      | Noticed Jessica
  1575 | D:3      | XOM: scenery: summon butterflies
  1579 | D:3      | XOM: potion effect (brilliance)
  1582 | D:3      | Killed Jessica
  1583 | D:3      | Reached skill level 5 in Maces & Flails
  1720 | D:3      | Killed from afar by an orc priest

Illustrated notes

Levels and vault maps discovered:
D:1:      sevenhm_arrival_forest_fort_small_3, layout_basic, serial_shops,
          shop_statue
D:2:      layout_loops_cross, minmay_misc_feat_square
D:3:      layout_basic, uniq_jessica, uniq_ijyb, uniq_grinder,
          uniq_crazy_yiuf_cottage

Skill      XL: |  1  2  3  4 |
---------------+-------------+-----
Maces & Flails | 3 4 5 |  5.1
Fighting       | |  2.4
Dodging        | |  1.9

Action                   |  1- 3 |  4- 6 || total
-------------------------+-------+-------++-------
Melee: Mace              |    90 |    71 ||   161
  Use: Scroll            |       |     8 ||     8
 Stab: Confused          |       |     2 ||     2
Armor: Robe              |    38 |    39 ||    77
Dodge: Dodged            |    56 |    55 ||   111

Table legend: (Time is in decaauts)
 A = Elapsed time spent in this place.
 B = Non-inter-level travel time spent in this place.
 C = Inter-level travel time spent in this place.
 D = Time resting spent in this place.
 E = Time spent auto-exploring this place.
 F = Levels seen in this place.
 G = Mean time per level.
                   A        B        C        D        E       F      G
               +--------+--------+--------+--------+--------+-----+--------+
         Total |   1751 |   1665 |     86 |     53 |   1141 |   3 |  583.7 |
       Dungeon |   1751 |   1665 |     86 |     53 |   1141 |   3 |  583.7 |
               +--------+--------+--------+--------+--------+-----+--------+

Top non-repeatable levels by time:
     D:2: 827 daAuts
     D:1: 739 daAuts
     D:3: 184 daAuts
